 Dungeon Crawl Stone Soup version 0.30-a0-860-g512cf1e979 (webtiles) character file.

Game seed: 9559537935850370405

345895 DeathSun the Slayer (level 22, -19/155 HPs)
             Began as a Gargoyle Fighter on Mar 8, 2023.
             Was the Champion of Okawaru.
             Demolished by a lorocyproca (25 damage)
             ... on level 3 of the Depths.
             The game lasted 02:49:50 (57877 turns).

DeathSun the Slayer (Gargoyle Fighter)             Turns: 57877, Time: 02:49:51

Health: -19/155    AC: 18    Str: 33    XL:     22   Next: 11%
Magic:  21/31      EV:  8    Int: 10    God:    Okawaru [******]
Gold:   4720       SH: 12    Dex: 12    Spells: 18/31 levels left

rFire   + + .      SeeInvis .    D - +4 eveningstar (elec)
rCold   + + .      Faith    .    c - +1 kite shield of the Eternal Void {Regen+ Dex+3}
rNeg    + + +      Spirit   .    V - +0 gold dragon scales
rPois   ∞          Reflect  .    w - +2 hat of the Bull {rF+ rN+++ Str+3 Int-2}
rElec   +          Rampage  .    i - +2 cloak
rCorr   .                        Y - +0 pair of gloves
Will    ++...                    R - +0 pair of boots "Futis" {rC+ Will+ Str-4} Stlth
                                 e - amulet of magic regeneration
HPRegen 1.25/turn                E - +6 ring of strength
MPRegen 0.62/turn                t - ring of protection from fire

@: silenced, corroded, flying, hasted, studying 2 skills, unable to drink, very
quick
A: sickness immunity, AC +16, big wings, negative energy resistance 1,
electricity resistance, torment resistance 1, petrification resistance, horns 1,
no potion heal 1, heat vulnerability 1, inability to drink after injury 1
}: 2/15 runes: serpentine, barnacled
a: Renounce Religion


You were on level 3 of the Depths.
You worshipped Okawaru.
Okawaru was exalted by your worship.
You visited 8 branches of the dungeon, and saw 37 of its levels.
You visited the Abyss 1 time.
You also visited: Sewer and Wizlab.

You collected 6118 gold pieces.
You spent 1398 gold pieces at shops.

Inventory:

Hand Weapons
 D - a +4 eveningstar of electrocution (weapon)
 S - a +5 heavy morningstar
Missiles
 U - 6 throwing nets (quivered)
Armour
 c - the +1 kite shield of the Eternal Void (worn) {Regen+ Dex+3}
   (You bought it in a shop on level 15 of the Dungeon)

   Dex:       It affects your dexterity (+3).
   Regen:     It increases your rate of health regeneration.
 i - a +2 cloak (worn)
 w - the +2 hat of the Bull (worn) {rF+ rN+++ Str+3 Int-2}
   (Okawaru gifted it to you on level 5 of the Lair of Beasts)

   Str:       It affects your strength (+3).
   Int:       It affects your intelligence (-2).
   rF:        It protects you from fire.
   rN:        It renders you almost immune to negative energy.
 R - the +0 pair of boots "Futis" (worn) {rC+ Will+ Str-4}
   (Okawaru gifted it to you on level 4 of the Shoals)

   Str:       It affects your strength (-4).
   rC:        It protects you from cold.
   Will:      It increases your willpower.
 V - +0 gold dragon scales (worn)
 Y - a +0 pair of gloves (worn)
 Z - a +5 scale mail of willpower
Jewellery
 b - a +6 ring of strength
 e - an amulet of magic regeneration (around neck)
 j - a ring of wizardry
 t - a ring of protection from fire (right hand)
 E - a +6 ring of strength (left hand)
 G - a ring of see invisible
 L - an amulet of reflection
 N - a +4 ring of protection
Wands
 v - a wand of mindburst (10)
 J - a wand of iceblast (20)
 Q - a wand of flame (8)
 W - a wand of digging (8)
 X - a wand of light (23)
Scrolls
 g - 14 scrolls of teleportation
 k - 3 scrolls of torment
 l - 9 scrolls of magic mapping
 p - a scroll of blinking
 q - 11 scrolls of immolation
 r - 8 scrolls of vulnerability
 x - 4 scrolls of silence
 y - 2 scrolls of brand weapon
 z - 10 scrolls of fog
 B - a scroll of enchant weapon
 F - 4 scrolls of amnesia
 H - a scroll of poison
 T - 3 scrolls of fear
Potions
 a - 5 potions of magic
 d - 4 potions of might
 f - 5 potions of cancellation
 h - 5 potions of curing
 n - 6 potions of brilliance
 s - 2 potions of haste
 u - 3 potions of ambrosia
 C - 7 potions of mutation
 I - 5 potions of invisibility
 K - 5 potions of resistance
 M - 3 potions of berserk rage
 P - 11 potions of attraction
Miscellaneous
 o - a lightning rod (4/4)
 A - a phial of floods


   Skills:
 + Level 21.1 Fighting
 - Level 20.0 Maces & Flails
 * Level 20.9 Armour
 - Level 6.0 Dodging
 * Level 10.6 Shields
 + Level 5.0 Spellcasting
 * Level 12.0 Translocations
 - Level 12.1 Invocations
 - Level 8.0 Evocations


You had 18 spell levels left.
You knew the following spells:

 Your Spells              Type           Power      Damage    Failure   Level
a - Manifold Assault      Tloc           26%        N/A       26%         4
b - Blink                 Tloc           52%        N/A       4%          2
c - Gell's Gravitas       Tloc           26%        N/A       8%          3
d - Passage of Golubria   Tloc           26%        N/A       26%         4

Your spell library contained the following spells:

 Spells                   Type           Power      Damage    Failure   Level
 Apportation              Tloc           52%        N/A       2%          1
 Teleport Other           Tloc           26%        N/A       8%          3
 Portal Projectile        Hex/Tloc       28%        N/A       67%         3
 Vhi's Electric Charge    Tloc/Air       28%        N/A       67%         3
 Beastly Appendage        Tmut           4%         N/A       98%         1
 Shock                    Conj/Air       8%         1d3       98%         1
 Ensorcelled Hibernation  Hex/Ice        4%         N/A       99%         2
 Poisonous Vapours        Pois/Air       4%         N/A       99%         2
 Static Discharge         Conj/Air       4%         2-3/arc   99%         2
 Wereblood                Tmut           2%         N/A       99%         2
 Dispersal                Tloc           13%        N/A       99%         6
 Dazzling Flash           Conj/Hex       4%         N/A       100%        3
 Mephitic Cloud           Conj/Pois/Air  2%         N/A       100%        3
 Spider Form              Tmut/Pois      2%         N/A       100%        3
 Anguish                  Hex/Necr       1%         N/A       100%        4
 Cause Fear               Hex            1%         N/A       100%        4
 Dispel Undead            Necr           2%         3d7       100%        4
 Leda's Liquefaction      Hex/Erth       1%         N/A       100%        4
 Alistair's Intoxication  Tmut/Pois      1%         N/A       100%        5
 Arcjolt                  Conj/Air       1%         1d11      100%        5
 Borgnjor's Vile Clutch   Necr/Erth      1%         N/A       100%        5
 Freezing Cloud           Conj/Ice/Air   1%         6-21      100%        5
 Iskenderun's Battlesphe  Conj           2%         2d6       100%        5
 Lightning Bolt           Conj/Air       1%         1d12      100%        5
 Yara's Violent Unravell  Hex/Tmut       1%         3d3       100%        5
 Conjure Ball Lightning   Conj/Air       1%         3x3d6     100%        6
 Iron Shot                Conj/Erth      1%         9d1       100%        6
 Dragon Form              Tmut           1%         N/A       100%        7
 Enfeeble                 Hex            1%         N/A       100%        7
 Storm Form               Tmut/Air       1%         N/A       100%        7
 Discord                  Hex            1%         N/A       100%        8
 Disjunction              Tloc           13%        N/A       100%        8
 Maxwell's Capacitive Co  Air            1%         ∞         100%        8
 Polar Vortex             Ice            1%         N/A       100%        9
 Call Imp                 Summ           Unusable   N/A       N/A         2
 Cigotuvi's Dreadful Rot  Necr/Pois/Air  Unusable   N/A       N/A         2
 Call Canine Familiar     Summ           Unusable   N/A       N/A         3
 Tukima's Dance           Hex            Unusable   N/A       N/A         3
 Animate Dead             Necr           Unusable   N/A       N/A         4
 Summon Lightning Spire   Summ/Air       Unusable   N/A       N/A         4
 Death Channel            Necr           Unusable   N/A       N/A         6
 Simulacrum               Ice/Necr       Unusable   N/A       N/A         6
 Spellforged Servitor     Conj/Summ      Unusable   N/A       N/A         7
 Dragon's Call            Summ           Unusable   N/A       N/A         9

Dungeon Overview and Level Annotations

Branches:
Dungeon (15/15)            Temple (1/1) D:7            Lair (5/5) D:8
 Shoals (4/4) Lair:2        Snake (4/4) Lair:3        Slime (0/5) Lair:5
    Orc (2/2) D:12            Elf (3/3) Orc:2        Vaults (0/5) D:13
 Depths (3/4) D:15          Sewer (visited)          WizLab (visited)

Altars:
Ashenzari
Cheibriados
Dithmenos
Elyvilon
Fedhas
Gozag
Hepliaklqana
Kikubaaqudgha
Makhleb
Nemelex Xobeh
Okawaru
Qazlal
Ru
Sif Muna
Trog
Uskayaw
Vehumet
Wu Jian
Xom
Yredelemnul
Zin
The Shining One

Shops:
D:7 *   D:15 [   Orc:2 (!**   Elf:2 **   Elf:3 [

Portals:
Hell: Depths:1 Depths:2
Abyss: Elf:3
Pandemonium: Depths:2
Ziggurat: Depths:1

Annotations:
D:15 Geojo's ghost, veteran DjFE
Temple 2 transporters
Elf:3 2 transporters, ho4mwr's ghost, adept HOFi


Innate Abilities, Weirdness & Mutations

You are immune to sickness and miasma.
Your stone body is resilient. (AC +16)
You are immune to poison.
Your large and strong wings let you fly.
You resist negative energy. (rN+)
You are resistant to electric shocks. (rElec)
You are resistant to unholy torment.
You are immune to petrification.
You have a pair of small horns on your head.
Potions are less effective at restoring your health.
You are vulnerable to heat. (rF-)
You occasionally lose the ability to drink potions when taking damage.


Message History

* * * LOW HITPOINT WARNING * * *
The chaos spawn shocks you. You resist.
* * * LOW HITPOINT WARNING * * *
The demonspawn blood saint hits you with a +0 dagger!
* * * LOW HITPOINT WARNING * * *
You are engulfed in flames.
You resist.
* * * LOW HITPOINT WARNING * * *
You block the rust devil's attack.
The rust devil is no longer unusually agile.
The chaos spawn attacks as you move away!
The chaos spawn gores you but does no damage.
The chaos spawn attacks as you move away!
You block the chaos spawn's attack.
A soul eater comes into view.
A chaos spawn comes into view.
The chaos spawn is no longer unusually agile.
The chaos spawn moves out of view.
An orange demon comes into view.
A red devil comes into view. It is wielding a +0 trident.
The chaos spawn attacks as you move away!
The chaos spawn hits you but does no damage.
There is a portal leading out of this place here.
The chaos spawn gores you!
* * * LOW HITPOINT WARNING * * *
You are engulfed in flames.
You resist.
* * * LOW HITPOINT WARNING * * *
Something hits you!
* * * LOW HITPOINT WARNING * * *
You feel your power leaking away.
Deactivating autopickup; reactivate with Ctrl-A.
You block the rust devil's attack.
Welcome back to the Depths!
Reactivating autopickup.
There is an empty arch of ancient stone here.
You closely miss the rust devil. Your headbutt misses the rust devil.
The chaos spawn gores you!
* * * LOW HITPOINT WARNING * * *
Something hits you!!
You feel threatened and lose the ability to drink potions!
You die...

####### #...... ####
#.#.#.####### .....
#.....#...4@# .....
#..#......4.##........
##...#...#.##........#
#.#.#...#.###.........#####
##.#.#.....#+........'.....
#.#.#.#.#.###........##[(..
##.#.#.#.#..#........ #<.T.
#...#.#.#.###........##C.T#
##.#.#.#...................


You could see a rust devil and a chaos spawn (fast).

Vanquished Creatures
  A juggernaut (Depths:3)
  2 golden dragons (Depths:2)
  Nikola (Snake:1)
  A walking crystal tome (Depths:1)
  A tentacled monstrosity (Arena)
  A lich (Depths:3)
  A walking earthen tome (Depths:3)
  3 deep elf blademasters
  2 deep elf master archers (Elf:3)
  A kraken (Shoals:3)
  An Executioner (Abyss:4)
  The ghost of Ujolo the Black Belt, an adept OpTm of Gozag (Snake:2)
  A tentacled starspawn (Abyss:3)
  Kirke (Lair:3)
  A storm dragon (Shoals:4)
  6 frost giants
  The ghost of Repneat the Warrior, an adept DsGl of Hepliaklqana (Shoals:1)
  6 nagarajas
  4 deep elf sorcerers
  3 fire giants (Depths:2)
  Aizul (Snake:3)
  3 spectral juggernauts (Depths:1)
  The ghost of NoOffense the Nimble, a journeyman TrMo of Hepliaklqana (Orc:2)
  2 cacodemons
  3 deep elf elementalists (Elf:3)
  10 stone giants
  13 very ugly things
  A minotaur (Shoals:1)
  4 deep elf demonologists (Elf:3)
  9 deep elf annihilators
  A spectral titan (Depths:1)
  The ghost of
  112233 the Fighter, a journeyman OgNe of Gozag (Orc:1)
  5 deep elf death magi
  12 merfolk impalers
  6 fire dragons
  6 merfolk javelineers
  3 deep elf high priests (Elf:3)
  Harold (D:9)
  5 ettins
  5 hydras
  3 vault guards (D:13)
  3 rakshasas (Depths:2)
  A great orb of eyes (Abyss:4)
  2 salamander tyrants (Snake:4)
  Fannar (Lair:1)
  2 spriggan air magi
  A quicksilver dragon skeleton (Depths:1)
  13 anacondas
  2 juggernaut simulacra (Depths:1)
  A merfolk aquamancer (Shoals:4)
  7 centaur warriors
  2 alligator snapping turtles
  4 boulder beetles
  A spectral stone giant (Depths:1)
  5 tengu warriors
  2 two-headed ogres
  2 deep troll shamans
  3 merfolk avatars
  23 dancing weapons
  9 naga warriors
  2 satyrs
  7 death yaks (Lair:2)
  2 spriggan berserkers
  5 deep troll earth magi
  5 orc high priests
  11 shock serpents
  2 thrashing horrors (Abyss:3)
  4 titan zombies (Depths:1)
  16 deep elf knights
  5 skysharks
  2 hell knights (Depths:2)
  13 naga sharpshooters
  A soul eater (WizLab)
  A sun demon (WizLab)
  4 iron trolls
  A wretched star (Abyss:4)
  2 salamander mystics (Snake:4)
  A goliath frog (Lair:5)
  10 sea snakes
  2 flayed ghosts (Depths:2)
  19 skeletal warriors
  A spark wasp zombie (Depths:1)
  5 deep trolls
  4 glowing orange brains
  8 naga ritualists
  3 wizards
  4 necromancers
  17 deep elf archers
  8 orc knights
  A lindwurm (Lair:4)
  A wolf spider (shapeshifter) (Depths:1)
  33 deep elf zephyrmancers
  Pikel (D:4)
  32 deep elf pyromancers
  11 mana vipers
  11 harpies
  21 ugly things
  4 oklob plants
  5 orc sorcerers
  6 cyclopes
  A stone giant zombie (Depths:1)
  14 fauns
  2 moths of wrath (Snake:2)
  5 salamanders
  11 manticores
  An apocalypse crab (Abyss:4)
  3 guardian serpents
  3 merfolk sirens
  13 water nymphs
  2 frost giant skeletons (Depths:1)
  39 elephants
  A centaur zombie (D:15)
  14 naga magi
  33 black mambas
  3 rust devils
  An orange demon (Depths:2)
  23 cane toads
  4 gargoyles
  A titan simulacrum (Depths:1)
  2 centaur skeletons (D:15)
  2 rime drakes (Lair:2)
  A hellion (WizLab)
  13 komodo dragons
  3 tengu conjurers
  A yaktaur (D:13)
  2 ice devils (WizLab)
  A hellwing (Depths:2)
  A red devil (Depths:2)
  3 meliai (Shoals:1)
  4 trolls
  A polar bear (Lair:5)
  31 merfolk
  3 tyrant leeches (Lair:5)
  5 hornets
  8 wind drakes
  27 blink frogs
  A meliai zombie (D:15)
  8 snapping turtles
  9 slime creatures
  8 dream sheep
  3 stone giant simulacra (Depths:1)
  2 large abominations
  2 centaur simulacra (D:14)
  An ettin skeleton (Abyss:4)
  A spriggan skeleton (Depths:1)
  14 air elementals
  2 jumping spiders (shapeshifter)
  A wyvern (Lair:5)
  3 ynoxinuls (Depths:2)
  3 spriggans (Depths:1)
  27 water elementals
  17 humans
  51 yaks
  A wraith (D:11)
  4 fire elementals
  A steam dragon (D:7)
  8 basilisks
  9 vampire mosquitoes
  5 neqoxecs
  5 hogs (Lair:3)
  A chaos spawn (WizLab)
  Edmund (D:4)
  A harpy simulacrum (D:15)
  7 wargs
  19 water moccasins
  An acid dragon (D:13)
  27 nagas
  40 orc warriors
  A floating eye (Depths:1)
  2 ice beasts
  A sky beast (D:7)
  5 black bears
  6 ogres
  13 centaurs
  22 wolves (Lair:5)
  A lemure (D:3)
  8 kobold brigands
  2 phantoms (D:5)
  19 bullfrogs
  3 scorpions
  2 earth elementals
  A hornet simulacrum (D:12)
  3 small abominations
  6 killer bees
  11 electric eels
  2 howler monkeys
  2 gnoll boudas
  2 quasits (Orc:1)
  11 hounds
  3 jellies
  33 orc priests
  A sleepcap (D:8)
  3 starcursed masses (Abyss:4)
  Jessica (D:3)
  9 iguanas
  46 orc wizards
  6 adders
  7 gnolls
  A river rat (D:5)
  A white imp (D:5)
  4 ufetubi
  5 worms
  2 dart slugs
  118 orcs
  7 ball pythons
  8 bats
  7 endoplasms
  6 giant cockroaches
  7 goblins
  2 hobgoblins (D:2)
  A quokka (D:5)
  4 frilled lizards
  32 kobolds
  9 rats
  A starspawn tentacle (Abyss:3)
  A tentacle (Shoals:3)
1522 creatures vanquished.

Vanquished Creatures (others)
  An eldritch tentacle (Depths:1)
  A fire giant (Depths:1)
  A deep elf elementalist (Elf:3)
  A deep elf annihilator (Elf:3)
  A deep elf knight (Elf:3)
  2 deep elf pyromancers (Elf:2)
  2 orcs
  A bush (Lair:3)
  43 fungi
  228 plants
  A starspawn tentacle (Abyss:3)
  5 tentacles (Shoals:3)
287 creatures vanquished.

Grand Total: 1809 creatures vanquished

Notes
Turn   | Place    | Note
-------+----------+-------------------------------------------
     0 | D:1      | DeathSun the Gargoyle Fighter began the quest for the Orb.
     0 | D:1      | Reached XP level 1. HP: 14/14 MP: 1/1
   161 | D:1      | Reached XP level 2. HP: 19/19 MP: 2/2
   243 | D:1      | Found a faded altar of an unknown god.
   663 | D:2      | Reached XP level 3. HP: 23/23 MP: 3/3
   886 | D:2      | Reached XP level 4. HP: 29/29 MP: 4/4
  1425 | D:3      | Found a hide-covered altar of Uskayaw.
  1558 | D:3      | Reached skill level 4 in Fighting
  1667 | D:3      | Found a hazy altar of Hepliaklqana.
  1788 | D:3      | Noticed Jessica
  1794 | D:3      | Killed Jessica
  1795 | D:3      | Reached XP level 5. HP: 33/33 MP: 5/5
  1822 | D:3      | Reached skill level 5 in Maces & Flails
  2167 | D:3      | Reached XP level 6. HP: 34/38 MP: 4/6
  2289 | D:4      | Identified the +0 pair of gloves of Conscience {Drain rElec
                  | Dex+3}
  2290 | D:4      | Noticed Pikel
  2594 | D:4      | Killed Pikel
  2595 | D:4      | Reached XP level 7. HP: 6/43 MP: 1/7
  2898 | D:5      | Entered Level 5 of the Dungeon
  3100 | D:5      | Reached XP level 8. HP: 46/48 MP: 8/8
  3365 | D:5      | Learned a level 4 spell: Manifold Assault
  3368 | D:5      | Learned a level 2 spell: Blink
  3392 | D:5      | Found a glowing drain.
  3418 | Sewer    | Entered a sewer
  3490 | Sewer    | Reached skill level 1 in Translocations
  3744 | D:5      | Reached skill level 10 in Maces & Flails
  4054 | D:5      | Reached XP level 9. HP: 47/52 MP: 7/9
  4561 | D:5      | Found a large runed translucent door.
  4565 | D:5      | Identified the +1 hand axe "Hojegh" {antimagic, Drain rC+
                  | rN+ Int+7}
  4576 | D:5      | Found a large runed translucent door.
  4777 | D:5      | Found a blossoming altar of Fedhas.
  4783 | D:5      | Found a shadowy altar of Dithmenos.
  5227 | D:4      | Noticed Edmund
  5242 | D:4      | Killed Edmund
  5485 | D:4      | Identified the amulet "Ofrueptuimis" {Acrobat rC+}
  5873 | D:6      | Reached skill level 5 in Translocations
  6488 | D:7      | Found Ycwijag's Assorted Antiques.
  6491 | D:7      | Bought a scroll of teleportation for 87 gold pieces
  6491 | D:7      | Bought a dazzling scale mail for 261 gold pieces
  6491 | D:7      | Identified the +1 scale mail of Past Mistakes {*Slow rElec
                  | rPois rC+} (You bought it in a shop on level 7 of the
                  | Dungeon)
  6705 | D:7      | Reached XP level 10. HP: 53/56 MP: 10/10
  6851 | D:7      | Found a staircase to the Ecumenical Temple.
  6957 | Temple   | Entered the Ecumenical Temple
  6957 | Temple   | Found a transporter.
  6957 | Temple   | Found a transporter.
  6959 | Temple   | Found a transporter.
  6959 | Temple   | Found a transporter.
  6979 | Temple   | Became a worshipper of Warmaster Okawaru
  7242 | D:7      | Reached * piety under Okawaru
  7921 | D:8      | Reached skill level 1 in Invocations
  8067 | D:8      | Found a staircase to the Lair.
  8356 | D:8      | Reached ** piety under Okawaru
  8890 | D:9      | Reached XP level 11. HP: 60/61 MP: 10/12
  9041 | D:9      | Noticed Harold
  9059 | D:9      | Killed Harold
  9402 | D:9      | Noticed a two-headed ogre
  9510 | D:10     | Entered Level 10 of the Dungeon
  9554 | D:10     | Learned a level 3 spell: Gell's Gravitas
  9671 | D:10     | Reached *** piety under Okawaru
  9677 | D:10     | Reached skill level 1 in Evocations
  9691 | D:10     | Found an ancient bone altar of Kikubaaqudgha.
  9743 | D:10     | Reached skill level 5 in Fighting
 10501 | D:11     | Noticed a boulder beetle
 10615 | Lair:1   | Entered Level 1 of the Lair of Beasts
 10632 | D:8      | Reached **** piety under Okawaru
 10638 | D:8      | Reached skill level 6 in Fighting
 10805 | Lair:1   | Found a stormy altar of Qazlal.
 11008 | Lair:1   | Reached skill level 7 in Fighting
 11304 | Lair:1   | Reached ***** piety under Okawaru
 11359 | Lair:1   | Reached XP level 12. HP: 47/73 MP: 5/14
 11514 | Lair:1   | Noticed Fannar
 11544 | Lair:1   | Killed Fannar
 11545 | Lair:1   | Reached skill level 8 in Fighting
 12121 | Lair:2   | Found a staircase to the Shoals.
 12307 | Lair:2   | Reached skill level 5 in Invocations
 12570 | Lair:1   | Identified the +5 short sword of Karma {freeze, *Corrode
                  | rN+ Int+2} (Okawaru gifted it to you on level 1 of the Lair
                  | of Beasts)
 12570 | Lair:1   | Received a gift from Okawaru
 12571 | Lair:1   | Reached skill level 9 in Fighting
 12648 | Lair:2   | Noticed a death yak
 12679 | Lair:2   | Noticed an eight-headed hydra
 12771 | D:11     | Killed a boulder beetle
 13894 | D:9      | Killed a two-headed ogre
 13895 | D:9      | Reached skill level 1 in Spellcasting
 13985 | D:12     | Found a staircase to the Orcish Mines.
 14075 | D:12     | Noticed a boulder beetle
 14099 | D:12     | Killed a boulder beetle
 14100 | D:12     | Reached skill level 10 in Fighting
 14402 | D:12     | Identified the +1 pair of boots of the Flute {Dex+2}
                  | (Okawaru gifted it to you on level 12 of the Dungeon)
 14402 | D:12     | Received a gift from Okawaru
 14624 | D:12     | You fall into a shaft and drop 3 floors!
 14624 | D:15     | Entered Level 15 of the Dungeon
 14659 | D:15     | Reached XP level 13. HP: 30/82 MP: 12/18
 15533 | D:12     | Reached skill level 15 in Maces & Flails
 15641 | D:12     | Reached skill level 5 in Armour
 16476 | D:13     | Identified the +0 pair of boots of the Dwarven Hall {Harm
                  | Rampage Str+3 Stlth+} (Okawaru gifted it to you on level 13
                  | of the Dungeon)
 16476 | D:13     | Received a gift from Okawaru
 16723 | D:13     | Reached skill level 10 in Invocations
 16804 | D:13     | Reached skill level 10 in Translocations
 17123 | D:13     | Noticed a vault guard
 17123 | D:13     | Noticed a vault guard
 17127 | D:13     | Killed a vault guard
 17128 | D:13     | Gained mutation: Your large and strong wings let you fly.
                  | [Gargoyle growth]
 17128 | D:13     | Reached XP level 14. HP: 88/88 MP: 6/21
 17581 | D:13     | Reached ****** piety under Okawaru
 17769 | D:13     | Found a gate to the Vaults.
 17872 | D:13     | Identified the +7 morningstar "Undertaker" {venom, Dex+4}
 18508 | Lair:2   | Identified the +1 helmet of Cocytus {+Inv rC- Dex+6}
                  | (Okawaru gifted it to you on level 2 of the Lair of Beasts)
 18508 | Lair:2   | Received a gift from Okawaru
 19567 | Arena    | Entered the Arena
 19569 | Arena    | Gained mutation: You have a pair of small horns on your
                  | head. [potion of mutation]
 19789 | Lair:2   | Reached skill level 11 in Fighting
 20175 | Lair:3   | Found a staircase to the Snake Pit.
 20216 | Lair:3   | Identified the +2 great mace "Spiderbane" {heavy, Contam
                  | Fly rPois Dex+3} (Okawaru gifted it to you on level 3 of
                  | the Lair of Beasts)
 20216 | Lair:3   | Received a gift from Okawaru
 20420 | Lair:3   | Noticed Kirke
 20686 | Lair:3   | Reached XP level 15. HP: 96/96 MP: 4/23
 20697 | Lair:3   | Killed Kirke
 20699 | Lair:3   | Reached skill level 12 in Fighting
 22457 | Lair:4   | Received a gift from Okawaru
 22613 | Lair:4   | Reached skill level 13 in Fighting
 22979 | Lair:5   | Entered Level 5 of the Lair of Beasts
 23231 | Lair:5   | Reached skill level 10 in Armour
 23500 | Lair:5   | Reached skill level 14 in Fighting
 23793 | Lair:5   | Found the +5 robe of Night {Dark Will+ SInv}
 23833 | Lair:5   | Identified the +2 hat of the Bull {rF+ rN+++ Str+3 Int-2}
                  | (Okawaru gifted it to you on level 5 of the Lair of Beasts)
 23833 | Lair:5   | Received a gift from Okawaru
 24326 | Lair:5   | Found a staircase to the Slime Pits.
 24412 | Lair:5   | Reached XP level 16. HP: 58/107 MP: 5/25
 24419 | Lair:5   | Reached skill level 15 in Fighting
 24957 | Snake:1  | Entered Level 1 of the Snake Pit
 25307 | Snake:1  | Reached skill level 5 in Evocations
 25712 | Snake:1  | Noticed Nikola
 25726 | Snake:1  | Killed Nikola
 25882 | Snake:1  | Received a gift from Okawaru
 26722 | Snake:2  | Noticed Ujolo's ghost (adept OpTm)
 26724 | Snake:2  | Found a transporter.
 26803 | Snake:2  | Reached skill level 16 in Fighting
 27139 | Snake:2  | You are sucked into a shaft and drop 1 floor!
 27408 | Snake:3  | Noticed a nagaraja
 27413 | Snake:3  | Killed a nagaraja
 27464 | Snake:3  | Noticed Aizul
 27476 | Snake:3  | Killed Aizul
 27613 | Snake:3  | Noticed a nagaraja
 27626 | Snake:3  | Killed a nagaraja
 27626 | Snake:3  | Identified the +1 hat "Soemyst" {Dex+2} (Okawaru gifted it
                  | to you on level 3 of the Snake Pit)
 27626 | Snake:3  | Received a gift from Okawaru
 28118 | Snake:3  | Identified the +5 short sword "Icawuun" {drain, rElec
                  | rCorr}
 28693 | Snake:2  | Found a transporter.
 28828 | Snake:2  | HP: 1/112 [Ujolo's ghost/blast of rock fragments (28)]
 28847 | Snake:2  | Killed Ujolo's ghost
 29040 | Snake:2  | Identified the ring of Xizxon {rElec rPois rC- rN+ Str+2}
 29127 | Snake:4  | Entered Level 4 of the Snake Pit
 29135 | Snake:4  | Reached skill level 17 in Fighting
 29316 | Snake:4  | Reached XP level 17. HP: 115/117 MP: 22/26
 30378 | Snake:4  | Received a gift from Okawaru
 31095 | Snake:4  | Reached skill level 18 in Fighting
 31991 | Snake:4  | Got a serpentine rune of Zot
 32262 | Shoals:1 | Entered Level 1 of the Shoals
 32792 | Shoals:1 | Reached skill level 1 in Dodging
 33031 | Shoals:1 | Identified the +0 pair of boots of Kaboenuz {-Cast rF+ rN+
                  | Will+} (Okawaru gifted it to you on level 1 of the Shoals)
 33031 | Shoals:1 | Received a gift from Okawaru
 33975 | Shoals:1 | Found a hide-covered altar of Uskayaw.
 33984 | Shoals:1 | Found the +8 storm bow {elec, penet}
 34020 | Shoals:1 | Identified the +4 arbalest "Jushraygy" {penet, rF+ Dex+4
                  | Stlth-}
 34136 | Shoals:1 | Reached skill level 19 in Fighting
 34330 | Shoals:1 | Found a large runed translucent door.
 34330 | Shoals:1 | Found a large runed translucent door.
 34336 | Shoals:1 | Noticed Repneat's ghost (adept DsGl)
 34438 | Shoals:1 | Killed Repneat's ghost
 34514 | Shoals:2 | Reached XP level 18. HP: 105/128 MP: 19/27
 36787 | Shoals:4 | Entered Level 4 of the Shoals
 36869 | Shoals:4 | Paralysed by an air elemental for 1 turns
 36872 | Shoals:4 | Paralysed by an air elemental for 1 turns
 37471 | Shoals:4 | Paralysed by an air elemental for 1 turns
 37862 | Shoals:4 | Identified the +0 pair of boots "Futis" {rC+ Will+ Str-4}
                  | (Okawaru gifted it to you on level 4 of the Shoals)
 37862 | Shoals:4 | Received a gift from Okawaru
 38024 | Shoals:4 | Paralysed by an air elemental for 1 turns
 38152 | Shoals:4 | Paralysed by an air elemental for 1 turns
 38155 | Shoals:4 | Paralysed by an air elemental for 1 turns
 38168 | Shoals:4 | Paralysed by an air elemental for 1 turns
 38605 | Shoals:4 | Paralysed by an air elemental for 1 turns
 38803 | Shoals:4 | Paralysed by an air elemental for 1 turns
 39378 | Shoals:4 | Reached skill level 20 in Fighting
 39681 | Shoals:4 | Paralysed by an air elemental for 1 turns
 39687 | Shoals:4 | Paralysed by an air elemental for 1 turns
 40024 | Shoals:4 | Paralysed by an air elemental for 1 turns
 40030 | Shoals:4 | Paralysed by an air elemental for 1 turns
 40033 | Shoals:4 | Paralysed by an air elemental for 1 turns
 40283 | Shoals:4 | Identified the +3 sling of Sin {drain, rC+ Str+6 Dex-2
                  | SInv}
 40283 | Shoals:4 | Identified the amulet of Ziloiwk {Acrobat Int+4}
 40385 | Shoals:4 | Got a barnacled rune of Zot
 40766 | Orc:1    | Entered Level 1 of the Orcish Mines
 40941 | D:12     | Identified a scroll of acquirement
 40948 | D:12     | Acquired 385 gold pieces
 41791 | D:12     | Reached XP level 19. HP: 108/136 MP: 21/28
 41865 | Orc:1    | Identified the +6 dire flail of Okawaru's Hope {freeze,
                  | rElec rCorr Str+4} (Okawaru gifted it to you on level 1 of
                  | the Orcish Mines)
 41865 | Orc:1    | Received a gift from Okawaru
 41985 | Orc:1    | Found a transporter.
 42064 | Orc:1    | Noticed 112233's ghost (journeyman OgNe)
 42079 | Orc:1    | Found a transporter.
 42107 | Orc:1    | Gained mutation: You are vulnerable to heat. (rF-) [a
                  | neqoxec]
 42110 | Orc:1    | Gained mutation: Potions are less effective at restoring
                  | your health. [a neqoxec]
 42133 | Orc:1    | Killed 112233's ghost
 42206 | Orc:1    | Got the ring "Zionarch" {Int+6 Stlth+}
 42335 | Orc:2    | Entered Level 2 of the Orcish Mines
 42635 | Orc:2    | Reached skill level 5 in Dodging
 42762 | Orc:2    | Found a staircase to the Elven Halls.
 42783 | Orc:2    | Found Ilyf's Assorted Antiques.
 42783 | Orc:2    | Found Sinaun's Distillery.
 42784 | Orc:2    | Found Ezxaiw's Antique Weapon Boutique.
 42791 | Orc:2    | Found Xaextar's General Store.
 42794 | Orc:2    | Bought a scroll of blinking for 202 gold pieces
 42794 | Orc:2    | Bought a scroll of identify for 54 gold pieces
 42795 | Orc:2    | Bought a potion of curing for 51 gold pieces
 42795 | Orc:2    | Bought a potion of might for 68 gold pieces
 42807 | Orc:2    | Bought a potion of magic for 88 gold pieces
 42807 | Orc:2    | Bought a potion of haste for 110 gold pieces
 42962 | Orc:2    | Found a runed translucent door.
 42963 | Orc:2    | Found a shimmering altar of Xom.
 42963 | Orc:2    | Noticed NoOffense's ghost (journeyman TrMo)
 43516 | Orc:2    | Killed NoOffense's ghost
 43968 | Elf:1    | Entered Level 1 of the Elven Halls
 44165 | Elf:1    | Reached skill level 15 in Armour
 44377 | Elf:1    | Got the Compilation of Cooperative Blasts
 44423 | Abyss:3  | Cast into level 3 of the Abyss (+2 flail of distortion)
 44540 | Abyss:3  | Learned a level 4 spell: Passage of Golubria
 44566 | Abyss:4  | Found a corrupted altar of Lugonu.
 44585 | Abyss:4  | Noticed a tentacled monstrosity
 44587 | Arena    | Entered the Arena
 44593 | Arena    | Killed a tentacled monstrosity
 44593 | Arena    | Received a gift from Okawaru
 44652 | Abyss:4  | Found a corrupted altar of Lugonu.
 44655 | Abyss:4  | Found a corrupted altar of Lugonu.
 44694 | Abyss:4  | Reached skill level 21 in Fighting
 44744 | Abyss:4  | Found a corrupted altar of Lugonu.
 44768 | Abyss:4  | HP: 1/137 [starcursed mass/accursed screaming (8)]
 44835 | Elf:1    | Escaped the Abyss
 46517 | Elf:2    | Received a gift from Okawaru
 46571 | Elf:2    | Found Vyitetri's Mass Market.
 46598 | Elf:2    | Paralysed by an air elemental for 1 turns
 46929 | Elf:2    | Found Col Gean's General Store.
 46963 | Elf:2    | Identified the +2 chain mail of the Wilderness {Str+4
                  | Dex+3}
 47199 | Elf:2    | Found a huge runed translucent gate.
 47200 | Elf:2    | Found a huge runed translucent gate.
 47201 | Elf:2    | Found a huge runed translucent gate.
 47208 | Elf:2    | Found a huge runed translucent gate.
 47208 | Elf:2    | Found a huge runed translucent gate.
 47468 | Arena    | Entered the Arena
 47921 | Elf:2    | Reached XP level 20. HP: 121/144 MP: 24/29
 48775 | Elf:3    | Entered Level 3 of the Elven Halls
 48805 | Elf:3    | Received a gift from Okawaru
 49049 | Elf:3    | Found a transporter.
 49054 | Elf:3    | Found a transporter.
 50051 | Elf:3    | Paralysed by an air elemental for 1 turns
 50161 | Elf:3    | Identified the +2 triple sword "Xohif" {freeze, rPois Str+3
                  | Dex+5}
 50161 | Elf:3    | Identified the ring "Evimer" {Fly rElec rPois rC-}
 50163 | Elf:3    | Identified the +4 glaive of Anguish {protect, rPois}
 50246 | Elf:3    | Noticed ho4mwr's ghost (adept HOFi)
 50262 | Elf:3    | Received a gift from Okawaru
 50788 | Elf:3    | Identified the +1 robe "Wyschun" {-Cast +Blink rPois Str+7}
 50797 | Elf:3    | Identified the +2 robe "Gumacs" {-Cast rElec rC+}
 50834 | Elf:3    | Identified the +3 chain mail "Gehatece" {Will+ Stlth+}
 50970 | Elf:3    | Found a one-way gate to the infinite horrors of the Abyss.
 51108 | Elf:3    | Found Bar Viti's Antique Armour Shop.
 51304 | Elf:2    | Bought a scroll of enchant weapon for 135 gold pieces
 51786 | D:14     | Acquired 825 gold pieces
 52155 | D:14     | Identified the +2 pair of boots "Wajunn" {Rampage Will+}
 52730 | D:15     | Found Coteump's Antique Armour Boutique.
 52832 | D:15     | Bought a warped kite shield for 342 gold pieces
 52832 | D:15     | Identified the +1 kite shield of the Eternal Void {Regen+
                  | Dex+3} (You bought it in a shop on level 15 of the Dungeon)
 52932 | D:15     | Received a gift from Okawaru
 53425 | D:15     | Found a staircase to the Depths.
 53627 | Depths:1 | Entered Level 1 of the Depths
 53681 | D:15     | Received a gift from Okawaru
 53684 | D:15     | Reached XP level 21. HP: 148/148 MP: 4/30
 53858 | Depths:1 | Reached skill level 5 in Shields
 54043 | Depths:1 | Found a runed translucent door.
 54050 | Depths:1 | Noticed Geojo's ghost (veteran DjFE)
 54055 | Depths:1 | Found an opulent altar of Gozag.
 54173 | Depths:1 | Found a one-way gateway to a ziggurat.
 54473 | D:15     | HP: 2/148 [stone giant (24)]
 54666 | Depths:1 | Found a gateway to Hell.
 55621 | Depths:1 | Identified the +0 pair of boots of Dim Light {Int+2}
                  | (Okawaru gifted it to you on level 1 of the Depths)
 55621 | Depths:1 | Received a gift from Okawaru
 56267 | Depths:2 | Found a one-way gate leading to the halls of Pandemonium.
 56281 | Depths:2 | Gained mutation: You occasionally lose the ability to drink
                  | potions when taking damage. [a cacodemon]
 56894 | Depths:2 | Noticed a golden dragon
 56914 | Depths:2 | Killed a golden dragon
 57005 | Depths:2 | Found a hide-covered altar of Uskayaw.
 57140 | Depths:3 | Reached skill level 10 in Shields
 57202 | Depths:3 | Found a broken altar of Ashenzari.
 57243 | Depths:2 | Reached skill level 5 in Spellcasting
 57357 | Depths:3 | Noticed a juggernaut
 57447 | Depths:3 | Noticed a golden dragon
 57509 | Depths:2 | Killed a golden dragon
 57554 | Depths:3 | Reached XP level 22. HP: 121/155 MP: 7/31
 57672 | Depths:3 | Killed a juggernaut
 57724 | Depths:3 | Found a magical portal.
 57747 | WizLab   | Entered The Hall of the Hellbinder
 57877 | Depths:3 | HP: 6/155 [chaos spawn (10)]
 57877 | Depths:3 | Demolished by a lorocyproca

Illustrated notes

Levels and vault maps discovered:
D:1:      dpeg_arrival_line_fractal, layout_rooms,
          hellmonk_ecumenical_altar_inner_sanctum
D:2:      layout_basic, minmay_pentomino_u4
D:3:      layout_loops_ring, nicolae_overflow_crystal_walls,
          mainiacjoe_overflow_chevrons, nrook_campfire, roderic_serpentine_path,
          uniq_jessica
D:4:      minmay_chambers_of_fours, layout_rooms, uniq_edmund, uniq_pikel
D:5:      minmay_polygon_palace, layout_gridville, jmf_multi_god_temple2,
          portal_sewer_entry_b
D:6:      layout_loops_ring
D:7:      kennysheep_six_static_rooms, layout_loops_cross,
          minmay_temple_entry_trees, serial_shops, nicolae_stop_n_shop_2,
          nicolae_nh_ransacked_shop
D:8:      layout_cave_pools, erik_lair_orcish_takeover
D:9:      layout_roguey, uniq_harold
D:10:     layout_roguey, kiku_gazebo_pond_becter
D:11:     layout_long_grid
D:12:     layout_rooms, orc_0_dummy, serial_bayou, serial_bayou_crossing,
          serial_bayou_lagoon_b, serial_bayou_shore_b, serial_bayou_ford_a,
          lightli_minifort
D:13:     layout_gridville, grunt_vaults_entry_tiered
D:14:     layout_loops_ring, serial_bayou_shore_a
D:15:     grunt_enter_depths_magical_seal, layout_cave_pods, serial_shops, shop,
          minmay_door_square, special_room [special_room_orc]
Temple:   hellmonk_temple_divided_pantheon
Lair:1:   layout_chaotic_city, basic_altar, grunt_megastairs_3,
          infiniplex_staircase_pool_2, uniq_fannar
Lair:2:   nzn_winding_woodlands_cross [nzn_winding_woodlands_5x15_concentric,
          nzn_winding_woodlands_5x15_sawtooth,
          nzn_winding_woodlands_5x15_crooked,
          nzn_winding_woodlands_5x15_longhouse,
          nzn_winding_woodlands_15x15_thick_spiral], layout_loops_ring,
          shoals_dummy_entry
Lair:3:   layout_regular_city, minmay_snake_entry_six_corridors,
          minmay_lair_oklob_bushes, uniq_kirke
Lair:4:   minmay_lair_oklob_chamber, layout_cave_pods,
          portal_ice_cave_entry_pillars_1, serial_bayou_shore_b,
          grunt_megastairs_1, lemuel_fruit_tree
Lair:5:   minmay_lair_end_frog_pond, layout_layer_cave, slime_entry_1,
          grunt_forest_large_clearings
Shoals:1: layout_shoals, ebering_ghost_disaster_area, regret_index_shoals_crete
Shoals:2: layout_shoals
Shoals:3: layout_shoals, argonaut_gorgonesque
Shoals:4: shoals_end_hellmonk_storm_palace [storm_palace_center_square,
          storm_palace_corner_pillars, storm_palace_corner_pillars,
          storm_palace_corner_narrow, storm_palace_corner_blocked]
Snake:1:  nicolae_snake_shooting_gallery, layout_onion, special_room,
          uniq_nikola
Snake:2:  layout_rooms, gammafunk_ghost_berserking_beasts, grunt_ministairs_6
Snake:3:  layout_gridlike, grunt_megastairs_5, uniq_aizul
Snake:4:  snake_pit, layout_misc_corridors
Orc:1:    layout_diamond_mine, gammafunk_ghost_stat_death,
          guppyfry_orc_lava_fort
Orc:2:    st_orc_mages, layout_caves, ebering_ghost_xom, nicolae_orc_bridge_out,
          mines3_lemuel
Elf:1:    layout_geoelf_diagonals, minmay_elf_sorcery
Elf:2:    elven_hall_of_blades_hangedman_alternative [grunt_blade_entry_basic],
          layout_geoelf_octagon, serial_shops, nicolae_take_the_stairs,
          minmay_shop_mass
Elf:3:    elf_hall, layout_geoelf_grid, serial_shops, nicolae_lakefront_shop,
          gammafunk_ghost_abyssal_escape, minivault_19
Depths:1: layout_small_grid, enter_ziggurat_b, hell_entry,
          muffindrake_ghost_dead_mans_drink, minmay_tree_intersection,
          hangedman_decor_lopped, kennysheep_pointless_box, minivault_16,
          nicolae_gozag_seed_capital
Depths:2: minmay_the_grid_plus_closed [minmay_the_grid_rooms,
          minmay_the_grid_outer_diamond, minmay_the_grid_box_x,
          minmay_the_grid_outer_circle, minmay_the_grid_prize_inner_circle],
          layout_cave_pools, grunt_pan_entry_zigzag,
          hangedman_abyss_or_decor_passed, hell_entry,
          ebering_dispersal_statue_hall, eat_drink_and_be_merry_uskayaw,
          infiniplex_staircase_pillars_1
Depths:3: hangedman_box_tower, layout_gridlike, grunt_hell_horde, abyss_entry,
          mu_enter_wizlab_6, nicolae_ashenzari_panopticon,
          hangedman_decor_growths

Skill      XL: |  1  2  3  4  5  6  7  8  9 10 11 12 13 14 15 16 17 18 19 20 21 22 |
---------------+-------------------------------------------------------------------+-----
Maces & Flails | 3 4 5 8 10 12 14 15 16 18 19 20 | 20.0
Fighting       | 4 7 10 11 14 17 19 20 21 | 21.1
Translocations | 3 5 7 8 9 10 11 12 | 12.0
Invocations    | 2 3 7 10 11 12 | 12.1
Evocations     | 3 4 6 8 |  8.0
Spellcasting   | 2 3 4 5 |  5.0
Armour         | 6 8 10 12 13 14 16 19 20 | 20.9
Dodging        | 2 4 6 |  6.0
Shields        | 4 10 | 10.6

Action                     |  1- 3 |  4- 6 |  7- 9 | 10-12 | 13-15 | 16-18 | 19-21 | 22-24 || total
---------------------------+-------+-------+-------+-------+-------+-------+-------+-------++-------
  Melee: Flail             |    88 |   199 |   516 |   980 |       |       |       |       ||  1783
         Morningstar       |       |       |       |    78 |   898 |  1220 |   769 |       ||  2965
         Headbutt          |       |       |       |       |    74 |   129 |   333 |    28 ||   564
         Eveningstar       |       |       |       |       |       |       |  1001 |    79 ||  1080
   Cast: Manifold Assault  |       |       |       |    20 |   142 |   361 |   291 |     1 ||   815
         Gell's Gravitas   |       |       |       |     1 |       |     4 |       |       ||     5
         Passage of Golubr |       |       |       |       |       |       |     6 |       ||     6
         Blink             |       |       |       |       |       |       |     1 |       ||     1
 Invoke: Heroism           |       |       |       |     4 |     4 |     2 |     2 |       ||    12
         Finesse           |       |       |       |     2 |     2 |     3 |     4 |     1 ||    12
         Duel              |       |       |       |       |     1 |       |     2 |       ||     3
  Evoke: Wand              |       |       |     1 |     8 |     9 |     7 |       |       ||    25
         Lightning rod     |       |       |       |       |       |       |     4 |       ||     4
    Use: Scroll            |       |       |     7 |    16 |     8 |    16 |    21 |     1 ||    69
         Potion            |       |       |       |       |     5 |    17 |    12 |     2 ||    36
   Stab: Paralysed         |       |       |       |       |       |       |     1 |       ||     1
 Armour: Scale mail        |    60 |    83 |   276 |    81 |   430 |   806 |   753 |       ||  2489
         Steam dragon scal |       |       |       |   404 |       |       |       |       ||   404
         Pearl dragon scal |       |       |       |       |       |       |   182 |       ||   182
         Gold dragon scale |       |       |       |       |       |       |     2 |    44 ||    46
  Dodge: Dodged            |    45 |    93 |   194 |   393 |   416 |   738 |   493 |    19 ||  2391
  Block: Buckler           |    19 |    43 |    88 |   169 |   157 |   212 |   224 |       ||   912
         Reflection        |       |       |       |       |       |       |    26 |       ||    26
         Kite shield       |       |       |       |       |       |       |   371 |    49 ||   420

Table legend: (Time is in decaauts)
 A = Elapsed time spent in this place.
 B = Non-inter-level travel time spent in this place.
 C = Inter-level travel time spent in this place.
 D = Time resting spent in this place.
 E = Time spent auto-exploring this place.
 F = Levels seen in this place.
 G = Mean time per level.
                   A        B        C        D        E       F      G
               +--------+--------+--------+--------+--------+-----+--------+
         Total |  57530 |  54534 |   2996 |      0 |  41419 |  45 | 1278.4 |
       Dungeon |  19269 |  17524 |   1745 |      0 |  12930 |  15 | 1284.6 |
        Temple |     43 |     43 |      0 |      0 |      6 |   1 |   43.0 |
          Lair |   9093 |   8698 |    395 |      0 |   6748 |   5 | 1818.6 |
        Shoals |   7972 |   7826 |    146 |      0 |   6552 |   4 | 1993.0 |
     Snake Pit |   7155 |   6928 |    227 |      0 |   5594 |   4 | 1788.8 |
  Orcish Mines |   3251 |   3047 |    204 |      0 |   2416 |   2 | 1625.5 |
   Elven Halls |   6571 |   6371 |    200 |      0 |   4976 |   3 | 2190.3 |
        Depths |   3331 |   3253 |     78 |      0 |   1919 |   3 | 1110.3 |
         Abyss |    365 |    365 |      0 |      0 |     72 |   3 |  121.7 |
         Sewer |    279 |    279 |      0 |      0 |    149 |   1 |  279.0 |
        Wizlab |    112 |    112 |      0 |      0 |     28 |   1 |  112.0 |
         Arena |     84 |     84 |      0 |      0 |     28 |   3 |   28.0 |
               +--------+--------+--------+--------+--------+-----+--------+

Top non-repeatable levels by time:
Shoals:4: 2723 daAuts
Shoals:3: 2578 daAuts
  Lair:2: 2490 daAuts
   Elf:2: 2378 daAuts
 Snake:4: 2356 daAuts
    D:12: 2300 daAuts
   Elf:3: 2226 daAuts
 Snake:3: 2099 daAuts
     D:5: 1990 daAuts
   Elf:1: 1965 daAuts
   Orc:2: 1912 daAuts
    D:15: 1909 daAuts
    D:13: 1888 daAuts
Shoals:1: 1813 daAuts
  Lair:1: 1780 daAuts
